 Dungeon Crawl Stone Soup version 0.31-a0-133-gaae73658be (webtiles) character file.

Game seed: 13483840468013987491

102 avis the Chopper (level 4, -2/40 HPs)
             Began as a Hill Orc Monk on June 2, 2023.
             Slain by a gnoll
             ... wielding a +0 halberd
              (7 damage)
             ... on level 2 of the Dungeon on June 3, 2023.
             The game lasted 00:03:25 (1650 turns).

avis the Chopper (Hill Orc Monk)                    Turns: 1650, Time: 00:03:26

Health: -2/40      AC:  5    Str: 15    XL:     4   Next: 77%
Magic:  4/4        EV: 11    Int: 10    God:
Gold:   67         SH:  0    Dex: 13    Spells: 3/3 levels left

rFire   . . .        a - +0 hand axe
rCold   . . .        d - orb {light}
rNeg    . . .        f - +0 ring mail
rPois   .            (no helmet)
rElec   .            (no cloak)
rCorr   .            (no gloves)
SInv    .            (no boots)
Will    .....        (no amulet)
Stlth   +            (no ring)
HPRegen 0.26/turn    (no ring)
MPRegen 0.09/turn

%: no passive effects
@: glowing
A: no striking features
a: no special abilities


You were on level 2 of the Dungeon.
You visited 1 branch of the dungeon, and saw 2 of its levels.

You collected 67 gold pieces.

Inventory:

Hand Weapons
 a - a +0 hand axe (weapon)
 m - a +1 dagger of electrocution
Armour
 b - a +0 robe
 d - an orb of light (worn)
 f - a +0 ring mail (worn)
Magical Staves
 j - a staff of air
Scrolls
 e - a scroll of vulnerability {unknown}
 g - a scroll of noise {unknown}
 h - a scroll of silence {unknown}
 i - a scroll of identify {unknown}
 k - a scroll of amnesia {unknown}
 n - a scroll of fog {unknown}
 o - a scroll of torment {unknown}
Potions
 c - a potion of ambrosia
 l - a potion of curing {unknown}


   Skills:
 - Level 4.0 Fighting
 * Level 6.8 Axes
 - Level 2.4 Dodging


You had 3 spell levels left.
You didn't know any spells.
Your spell library was empty.

Dungeon Overview and Level Annotations

Branches:
Dungeon (2/15)

Altars:

Annotations:
D:2 Robin


Message History

Robin roars a battlecry!
The goblin goes into a battle-frenzy!
You hit Robin.
Robin is heavily wounded.
Robin throws the goblin at you!
A kobold comes into view. It is wielding a +0 short sword.
The gnoll closely misses you. The goblin hits you with a +0 dagger.
You barely miss Robin.
Robin is heavily wounded.
You closely miss the goblin.
The kobold shouts!
Robin barely misses you. The goblin hits you with a +0 dagger.
The gnoll barely misses you.
You completely miss Robin.
Robin is heavily wounded.
You hit the goblin.
You kill the goblin!
Robin hits you with a +0 club.
The gnoll hits you from afar with a +0 halberd.
You completely miss Robin.
Robin is heavily wounded.
The hobgoblin no longer looks unusually strong.
Robin roars a battlecry!
The hobgoblin goes into a battle-frenzy!
The gnoll hits you from afar with a +0 halberd!
* * * LOW HITPOINT WARNING * * *
You hit Robin.
Robin is severely wounded.
Robin misses you. The gnoll completely misses you.
You hit Robin but do no damage.
Robin is severely wounded.
The goblin no longer looks unusually strong.
Robin completely misses you.
The gnoll hits you from afar with a +0 halberd!
* * * LOW HITPOINT WARNING * * *
You hit Robin but do no damage.
Robin is severely wounded.
Robin misses you.
The gnoll hits you from afar with a +0 halberd!
You die...

...###### ..... ..
#... .. #g. .
###.###r# .#
.#......g##g#
....####gg.#
##..####g### ....
....##@# ..8#
#8..#)# ..)+ +...#.#
..8### ###8....#
.....# #.....###
.....#####.###.#
...........##..###(.
<.........)........#
..#..#..####..###...


You could see Robin, 2 gnolls, 2 hobgoblins, a goblin and a rat.

Vanquished Creatures
  Jessica (D:2)
  A gnoll (D:2)
  4 adders
  A dart slug (D:2)
  2 ball pythons (D:1)
  A bat (D:1)
  An endoplasm (D:1)
  6 goblins
  5 hobgoblins
  2 kobolds (D:2)
  A quokka (D:1)
  A frilled lizard (D:1)
  3 rats
29 creatures vanquished.

Notes
Turn   | Place    | Note
-------+----------+-------------------------------------------
     0 | D:1      | avis the Hill Orc Monk began the quest for the Orb.
     0 | D:1      | Reached XP level 1. HP: 19/19 MP: 1/1
   642 | D:1      | Reached XP level 2. HP: 25/27 MP: 2/2
  1281 | D:2      | Reached skill level 5 in Axes
  1289 | D:2      | Noticed Jessica
  1297 | D:2      | Killed Jessica
  1298 | D:2      | Reached XP level 3. HP: 27/33 MP: 3/3
  1437 | D:1      | Reached skill level 6 in Axes
  1446 | D:2      | Reached XP level 4. HP: 30/40 MP: 4/4
  1618 | D:2      | Identified the +2 helmet "Ymuikin" {Int+2}
  1618 | D:2      | Noticed Robin
  1650 | D:2      | Slain by a gnoll

Illustrated notes

Levels and vault maps discovered:
D:1:      wheals_arrival_linesprint, layout_basic, roderic_malta_cross,
          grunt_decor_fettered
D:2:      layout_rooms, dreamdust_ecumenical_altar_angels_and_demons,
          pf_guarded_unrand_woodcutter, uniq_natasha, uniq_jessica, uniq_robin

Skill      XL: |  1  2  3 |
---------------+----------+-----
Fighting       | 4 |  4.0
Axes           | 5 6 |  6.8
Dodging        | |  2.4

Action                     |  1- 3 |  4- 6 || total
---------------------------+-------+-------++-------
  Melee: Hand axe          |    41 |    39 ||    80
 Armour: Ring mail         |    22 |    10 ||    32
  Dodge: Dodged            |    22 |    27 ||    49

Table legend: (Time is in decaauts)
 A = Elapsed time spent in this place.
 B = Non-inter-level travel time spent in this place.
 C = Inter-level travel time spent in this place.
 D = Time resting spent in this place.
 E = Time spent auto-exploring this place.
 F = Levels seen in this place.
 G = Mean time per level.
                   A        B        C        D        E       F      G
               +--------+--------+--------+--------+--------+-----+--------+
         Total |   1651 |   1335 |    316 |     42 |   1075 |   2 |  825.5 |
       Dungeon |   1651 |   1335 |    316 |     42 |   1075 |   2 |  825.5 |
               +--------+--------+--------+--------+--------+-----+--------+

Top non-repeatable levels by time:
     D:1: 1403 daAuts
     D:2: 248 daAuts
